 Dungeon Sprint DCSS version 0.22.1-2-g9c5b331 (webtiles) character file.

178 diana the Slasher (level 5, -5/46 HPs)
             Began as a Demonspawn Gladiator on Dec 22, 2018.
             Slain by a fire elemental (9 damage)
             ... summoned by a deep elf mage
             ... in the Dungeon (Sprint III: "The Ten Rune Challenge").
             The game lasted 00:01:39 (580 turns).

diana the Slasher (Demonspawn Gladiator)             Turns: 580, Time: 00:01:41

Health: -5/46      AC:  5    Str: 21    XL:     5   Next: 32%
Magic:  5/5        EV: 15    Int:  9    God:
Gold:   11         SH:  0    Dex: 14    Spells: 4/4 levels left

rFire    . . .     SeeInvis .   a - +0 long sword
rCold    . . .     Gourm    .   (no shield)
rNeg     . . .     Faith    .   b - +0 leather armour
rPois    .         Spirit   .   (helmet restricted)
rElec    .         Reflect  .   (no cloak)
rCorr    .         Harm     .   (no gloves)
MR       .....     Clarity  +   (no boots) Stlth +.........NoTele +
                                (no amulet)
HPRegen  0.15/turn              (no ring)
MPRegen  0.09/turn              (no ring)

@: mighty, liquid flames, glowing
A: horns 1, talons 1, thin metallic scales 1, clarity, wild magic 1, rot
immunity
a: no special abilities


You were in the Dungeon.
You were not hungry.

You visited 1 branch You collected 11 gold pieces.

Inventory:

Hand Weapons
 a - a +0 long sword (weapon)
Missiles
 d - 3 throwing nets (quivered)
Armour
 b - a +0 leather armour (worn)
 c - a +0 helmet
Scrolls
 j - a scroll of holy word {unknown}
 k - a scroll of blinking
 n - a scroll of identify
 o - a scroll of remove curse {unknown}
 q - a scroll of immolation {unknown}
 r - a scroll of fog {unknown}
Potions
 e - a potion of mutation
 h - a potion of haste
 i - 2 potions of magic
 l - 4 potions of flight
 p - a potion of brilliance
Comestibles
 f - 4 rations


   Skills:
 + Level 5.8 Fighting
 * Level 7.6 Long Blades
 - Level 1.7 Throwing
 + Level 5.6 Dodging


You had 4 spell levels left.
You didn't know any spells.
Your spell library was empty.

Dungeon Overview and Level Annotations

Branches:
Dungeon (1/1)

Altars:
Elyvilon
Kikubaaqudgha
Sif Muna
Vehumet
Zin
The Shining One


Innate Abilities, Weirdness & Mutations

You have a pair of small horns on your head.
You are immune to rotting.
You have sharp toenails.
You are partially covered in thin metallic scales. (AC +2)
You possess an exceptional clarity of mind.
Your spells are a little harder to cast, but a little more powerful.


Message History

You closely miss the deep elf mage. Your headbutt misses the deep elf mage.
The deep elf mage is severely wounded.
You are covered in liquid flames!
* * * LOW HITPOINT WARNING * * *
The deep elf mage gestures wildly while chanting.
You slash the deep elf mage!
The deep elf mage is almost dead.
You are covered in liquid flames!
* * * LOW HITPOINT WARNING * * *
The deep elf mage casts a spell.
The deep elf mage blinks!
Unknown command.
Okay, then.
You are covered in liquid flames!
* * * LOW HITPOINT WARNING * * *
The fire elemental closely misses you.
You riposte.
You slash the fire elemental! Your kick misses the fire elemental.
The fire elemental is moderately damaged.
The fire elemental hits you. The fire elemental burns you!
You die...

▓▓▓ ▓▓▓ ..#### ##.#####
.....#####..#___#
......#..#..#!..#
.##...#..#..###'#+###+##
.###..##'#..#...@.e....#
#.##..###...'.⌠EE§.....#
.##..####...#..§######+#
.##..###....#.⌠.#
##...##.....#...#
#....#......#)###
#..##.#.....#.§
#..#####....#___ ▓▓▓▓
▓▓▓▓▓▓▓▓▓▓


You could see a deep elf mage and 2 fire elementals.

Vanquished Creatures
  A water elemental (D)
  A scorpion (D)
  A wizard (D)
  A human (D)
  A kobold demonologist (D)
  An ooze (D)
  3 rats (D)
9 creatures vanquished.

Vanquished Creatures (others)
  2 draconian scorchers (D)
  A yaktaur (D)
  6 hellions (D)
  5 plants (D)
14 creatures vanquished.

Grand Total: 23 creatures vanquished

Notes
Turn   | Place    | Note
-------+----------+-------------------------------------------
     0 | D        | diana the Demonspawn Gladiator began the quest for the Orb.
     0 | D        | Reached XP level 1. HP: 16/16 MP: 1/1
    15 | D        | Reached skill level 3 in Long Blades
    54 | D        | Killed a yaktaur
    99 | D        | Killed a hellion
   100 | D        | Killed a hellion
   102 | D        | Noticed a scorpion
   113 | D        | HP: 1/25 [poisoned by a scorpion]
   113 | D        | Killed a scorpion
   113 | D        | Reached skill level 5 in Long Blades
   113 | D        | Gained mutation: You have a pair of small horns on your
                  | head. [demonic ancestry]
   113 | D        | Reached XP level 2. HP: 2/25 MP: 2/2
   113 | D        | Reached XP level 3. HP: 3/30 MP: 3/3
   114 | D        | Reached XP level 4. HP: 4/38 MP: 4/4
   130 | D        | Gained mutation: You have sharp toenails. [potion of
                  | mutation]
   130 | D        | Gained mutation: Your spells are a little harder to cast,
                  | but a little more powerful. [potion of mutation]
   130 | D        | Gained mutation: You are partially covered in thin metallic
                  | scales. (AC +2) [potion of mutation]
   130 | D        | Gained mutation: You possess an exceptional clarity of
                  | mind. [potion of mutation]
   138 | D        | Killed a white draconian scorcher
   156 | D        | Killed a hellion
   157 | D        | Killed a hellion
   160 | D        | Killed a white draconian scorcher
   249 | D        | Killed a hellion
   266 | D        | Killed a hellion
   344 | D        | Noticed a water elemental
   354 | D        | Killed a water elemental
   354 | D        | Reached skill level 5 in Fighting
   354 | D        | Reached skill level 6 in Long Blades
   354 | D        | Reached skill level 5 in Dodging
   553 | D        | Found a radiant altar of Vehumet.
   553 | D        | Found a deep blue altar of Sif Muna.
   553 | D        | Found an ancient bone altar of Kikubaaqudgha.
   553 | D        | Noticed a wizard
   560 | D        | Killed a wizard
   560 | D        | Reached skill level 7 in Long Blades
   560 | D        | Gained mutation: You are immune to rotting. [demonic
                  | ancestry]
   560 | D        | Reached XP level 5. HP: 42/44 MP: 5/5
   563 | D        | Noticed an orange demon
   569 | D        | Found a glowing silver altar of Zin.
   569 | D        | Found a glowing golden altar of the Shining One.
   569 | D        | Found a white marble altar of Elyvilon.
   570 | D        | Noticed a deep elf mage
   579 | D        | Noticed a fire elemental
   579 | D        | Noticed a fire elemental
   580 | D        | Slain by a fire elemental

Skill      XL: |  1  2  3  4 |
---------------+-------------+-----
Long Blades    | 5 7 |  7.6
Dodging        | 4 5 |  5.6
Fighting       | 4 5 |  5.8
Throwing       | |  1.7

Action                   |  1- 3 |  4- 6 || total
-------------------------+-------+-------++-------
Melee: Long sword        |    18 |    22 ||    40
       Kick              |       |     8 ||     8
       Headbutt          |       |     6 ||     6
  Use: Potion            |     1 |     4 ||     5
       Scroll            |       |     2 ||     2
 Stab: Sleeping          |     1 |       ||     1
Armor: Leather armour    |     5 |     3 ||     8
Dodge: Dodged            |    16 |    14 ||    30
       Rpst.: Long sword |     6 |     4 ||    10
